 Dungeon Crawl Stone Soup version 0.25.1-1-g288607f5aa (webtiles) character file.

Game seed: 4679701013710681494

226 billymom2 the Ruffian (level 5, -2/45 HPs)
             Began as a Draconian Transmuter on July 26, 2020.
             Killed from afar by an orc wizard (3 damage)
             ... with a magic dart
             ... on level 2 of the Dungeon.
             The game lasted 00:10:59 (4279 turns).

billymom2 the Ruffian (Draconian Transmuter)        Turns: 4279, Time: 00:10:59

Health: -2/45      AC:  6    Str: 13    XL:     5   Next: 69%
Magic:  8/8        EV: 12    Int: 14    God:
Gold:   93         SH:  0    Dex: 11    Spells: 2/8 levels left

rFire    . . .     SeeInvis .     - Unarmed
rCold    . . .     Gourm    .   (no shield)
rNeg     . . .     Faith    .   (armour unavailable)
rPois    .         Spirit   .   (helmet restricted)
rElec    .         Reflect  .   (no cloak)
rCorr    .         Harm     .   (no gloves)
MR       .....     Clarity  +   d - +0 pair of boots
Stlth    +.........             i - amulet of the acrobat
HPRegen  0.15/turn              (no ring)
MPRegen  0.11/turn              (no ring)

@: appendage
A: unfitting armour, horns 2, clarity, mutation resistance 1, cold-blooded, AC
+5
a: End Transformation


You were on level 2 of the Dungeon.
You were hungry.
You had grown temporary horns.
You visited 1 branch of the dungeon, and saw 3 of its levels.

You collected 93 gold pieces.

Inventory:

Missiles
 a - 55 arrows
Armour
 d - a +0 pair of boots (worn)
Jewellery
 i - an amulet of the acrobat (around neck)
Scrolls
 b - 2 scrolls of remove curse
 e - 4 scrolls of teleportation
 f - a scroll of amnesia
Potions
 h - a potion of heal wounds
Comestibles
 c - 3 rations


   Skills:
 + Level 3.4 Fighting
 - Level 1.8 Dodging
 + Level 4.5 Unarmed Combat
 - Level 2.1 Spellcasting
 + Level 3.6 Transmutations


You had 2 spell levels left.
You knew the following spells:

 Your Spells              Type           Power        Failure   Level  Hunger
a - Beastly Appendage     Tmut           ##....       5%          1    ##.....
b - Sticks to Snakes      Tmut           ##......     8%          2    ###....
c - Spider Form           Tmut/Pois      #.........   32%         3    ####...

Your spell library contained the following spells:

 Spells                   Type           Power        Failure   Level  Hunger
 Ice Form                 Ice/Tmut       #.......     73%         4    #####..
 Blade Hands              Tmut           ##........   82%         5    ######.


Dungeon Overview and Level Annotations

Branches:
Dungeon (3/15)

Altars:
Ashenzari
Ru


Innate Abilities, Weirdness & Mutations

Your plain brown scales are hard. (AC +5)
You cannot fit into any form of body armour.
You are cold-blooded and may be slowed by cold attacks.
You have a pair of horns on your head.
You possess an exceptional clarity of mind.
You are somewhat resistant to further mutation.


Message History

The orc wizard is moderately wounded.
The orc wizard closely misses you. The orc hits you with a +0 falchion.
You hit the orc wizard.
The orc wizard is heavily wounded.
The orc hits you with a +0 short sword.
* * * LOW HITPOINT WARNING * * *
The goblin misses you. The orc wizard completely misses you.
The orc hits you with a +0 falchion.
* * * LOW HITPOINT WARNING * * *
The goblin misses you. The orc hits you but does no damage.
The orc wizard hits you but does no damage.
The orc hits you with a +0 falchion.
* * * LOW HITPOINT WARNING * * *
You climb upwards.
There is a stone staircase leading down here.
Magic restored.
The goblin hits you.
* * * LOW HITPOINT WARNING * * *
The orc wizard gestures at you while chanting.
The magic dart hits you.
You die...

#.###.......#.##.# ####.# #.
#.##.#.######.##.# #....# ##
#...###..........# #.####
####.#.#.####.#### #.#
##..#.# #.# #.# ### #..#.#
#.########.## #..
#..#.####.##o.......# #.#
#.......#.##g#####..# #.#
#.##.##.#.##@# #..# ##.#
#..........oo# #..######...
#............# #...........
##.#.##.#.##.#####.#####.....
#.#.##.#_##.......# #......
#.#.##.......###### ##.....
#.#.........##### ##....
#.####..........#########...
#.........).............##.#


You could see an orc wizard, 2 orcs and a goblin.

Vanquished Creatures
  An orc priest (D:3)
  Jessica (D:2)
  A killer bee zombie (D:2)
  5 adders
  2 oozes (D:1)
  4 worms (D:2)
  2 dart slugs
  A leopard gecko (D:2)
  7 orcs (D:3)
  13 bats
  5 giant cockroaches
  6 hobgoblins
  4 jackals
  7 kobolds
  2 quokkas
  A ball python (D:1)
  2 frilled lizards
  7 goblins
  10 rats
81 creatures vanquished.

Notes
Turn   | Place    | Note
-------+----------+-------------------------------------------
     0 | D:1      | billymom2 the Draconian Transmuter began the quest for the
                  | Orb.
     0 | D:1      | Reached XP level 1. HP: 16/16 MP: 3/3
   195 | D:1      | Reached XP level 2. HP: 23/23 MP: 3/5
   204 | D:1      | Learned a level 2 spell: Sticks to Snakes
   754 | D:1      | Reached XP level 3. HP: 27/29 MP: 4/6
  1597 | D:2      | Found a sacrificial altar of Ru.
  1668 | D:2      | Gained mutation: You possess an exceptional clarity of
                  | mind. [potion of mutation]
  1668 | D:2      | Gained mutation: You are somewhat resistant to further
                  | mutation. [potion of mutation]
  1988 | D:2      | Found a shattered altar of Ashenzari.
  2000 | D:2      | Reached XP level 4. HP: 27/36 MP: 5/7
  2130 | D:2      | Learned a level 3 spell: Spider Form
  2258 | D:2      | Reached skill level 4 in Unarmed Combat
  2706 | D:2      | Noticed Jessica
  2713 | D:2      | Killed Jessica
  3073 | D:3      | Reached XP level 5. HP: 27/44 MP: 8/8
  4279 | D:2      | HP: 1/45 [goblin (2)]
  4279 | D:2      | Killed from afar by an orc wizard

Illustrated notes

Levels and vault maps discovered:
D:1:      elethiomel_arrival_maze, layout_basic
D:2:      layout_loops_ring, lemuel_doored_altar, overflow_temple_1_default,
          uniq_jessica
D:3:      layout_rooms, first_ration

Skill      XL: |  1  2  3  4  5 |
---------------+----------------+-----
Fighting       | 2 3 |  3.4
Unarmed Combat | 4 |  4.5
Transmutations | 3 |  3.6
Dodging        | |  1.8
Spellcasting   | |  2.1

Action                   |  1- 3 |  4- 6 || total
-------------------------+-------+-------++-------
Melee: Unarmed           |   125 |   168 ||   293
       Tailslap          |    16 |    10 ||    26
       Kick              |     5 |       ||     5
       Headbutt          |     5 |    13 ||    18
       Punch             |     2 |     3 ||     5
 Cast: Beastly Appendage |    22 |    13 ||    35
       Sticks to Snakes  |     2 |       ||     2
       Spider Form       |       |     1 ||     1
  Use: Scroll            |     4 |     5 ||     9
       Potion            |     5 |     1 ||     6
 Stab: Sleeping          |     1 |     1 ||     2
  Eat: Chunk             |     4 |     4 ||     8
       Ration            |       |     1 ||     1
Armor: Skin              |    36 |    70 ||   106
Dodge: Dodged            |    75 |   159 ||   234
